 Dungeon Crawl Stone Soup version 0.20-a0-1126-g0f15420 (webtiles) character file.

78 4thArraOfDagon the Ruffian (level 4, 0/41 HPs)
             Began as a Troll Transmuter on May 17, 2017.
             Was an Initiate of Cheibriados (penitent).
             Slain by a scorpion (3 damage)
             ... on level 4 of the Dungeon.
             The game lasted 00:02:38 (545 turns).

4thArraOfDagon the Ruffian (Troll Transmuter)        Turns: 545, Time: 00:02:39

Health: 0/41       AC:  6    Str: 18    XL:     4   Next: 15%
Magic:  4/4        EV: 10    Int: 10    God:    Cheibriados [*]
Gold:   69         SH:  0    Dex: 10    Spells: 2/5 levels left

rFire    . . .     SeeInvis .     - Unarmed
rCold    . . .     Gourm    +   (no shield)
rNeg     . . .     Faith    .   b - +1 robe
rPois    .         Spirit   .   (helmet restricted)
rElec    .         Reflect  .   (no cloak)
rCorr    .         Harm     .   (gloves unavailable)
MR       .....                  (boots unavailable)
Stlth    +.........             (no amulet)
Regen    0.6/turn               (no ring)
MPRegen  0.1/turn               (no ring)

@: lethally poisoned (0 -> -3), hasted, very quick
A: unfitting armour, claws 3, fast metabolism 3, gourmand, regeneration 1,
shaggy fur 1, tough skin 2
a: Renounce Religion


You were on level 4 of the Dungeon.
You worshipped Cheibriados.
Cheibriados was demanding penance.
You were full.

You visited 1 branch of the dungeon, and saw 4 of its levels.

You collected 69 gold pieces.

Inventory:

Missiles
 a - 12 arrows
 h - 4 exploding tomahawks (quivered)
Armour
 b - a +1 robe (worn)
Jewellery
 j - an uncursed ring of fire
Scrolls
 f - 3 scrolls of identify
Books
 c - a book of Changes

   Spells                             Type                      Level
   a - Beastly Appendage              Transmutation                1
   b - Sticks to Snakes               Transmutation                2
   c - Spider Form                    Transmutation/Poison         3
   d - Ice Form                       Ice/Transmutation            4
   e - Blade Hands                    Transmutation                5
Comestibles
 d - 2 bread rations
 i - a royal jelly


   Skills:
 + Level 1.5 Fighting
 + Level 2.2 Dodging
 * Level 4.2 Unarmed Combat
 - Level 1.2 Spellcasting
 - Level 1.3 Transmutations


You had 2 spell levels left.
You knew the following spells:

 Your Spells              Type           Power        Failure   Level  Hunger
a - Beastly Appendage     Tmut           #.....       19%         1    ##.....
b - Sticks to Snakes      Tmut           #.......     28%         2    ###....


Dungeon Overview and Level Annotations

Branches:
Dungeon (4/15)
 Temple: D:4-7

Altars:
Cheibriados
Dithmenos


Innate Abilities, Weirdness & Mutations

You are too large for most types of armour.
You have claws for hands.
Your metabolism is lightning-fast.
You like to eat raw meat.
Your natural rate of healing is unusually fast.
You are covered in fur. (AC +1)
You have very tough skin. (AC +2)


Message History

There is a stone staircase leading up here.
Unknown command.
As you read the scroll of fear, it crumbles to dust.
You assume a fearsome visage.
The scorpion resists with some effort.
You feel sick. The scorpion stings you.
* * * LOW HITPOINT WARNING * * *
You are lethally poisoned!
The scorpion poisons you!
Unknown command.
Okay, then.
Unknown command.
Okay, then.
Unknown command.
You feel yourself speed up.
Cheibriados thinks you should slow down.
You feel extremely guilty. "You will pay for your transgression, mortal!"
* * * LOW HITPOINT WARNING * * *
You feel sick. The scorpion stings you.
You die...

.... #####.##. #..%..##.
. ###.....##.## .
.......# ..# # #.
#.....###.# #. #.
#......##.##
#..#.###.......s@.## ..
#..................## ...
#.s.................##...
#..._8_.................
#....................###.
#........................
...#................####
.. ##.#............##
....................#


You could see a scorpion.

Vanquished Creatures
  An orc wizard (D:4)
  A hound skeleton (D:4)
  2 adders
  A leopard gecko (D:1)
  2 orcs (D:4)
  A bat (D:2)
  2 giant cockroaches
  2 goblins (D:3)
  A hobgoblin (D:2)
  A kobold (D:2)
  A quokka (D:2)
  A frilled lizard (D:1)
16 creatures vanquished.

Notes
Turn   | Place    | Note
-------+----------+-------------------------------------------
     0 | D:1      | 4thArraOfDagon the Troll Transmuter began the quest for the Orb.
     0 | D:1      | Reached XP level 1. HP: 18/18 MP: 1/1
   132 | D:2      | Reached skill level 1 in Fighting
   132 | D:2      | Reached XP level 2. HP: 27/27 MP: 2/2
   140 | D:2      | Learned a level 2 spell: Sticks to Snakes
   352 | D:3      | Reached XP level 3. HP: 28/33 MP: 3/3
   430 | D:4      | Noticed a scorpion
   478 | D:4      | Reached skill level 4 in Unarmed Combat
   486 | D:4      | Reached XP level 4. HP: 28/41 MP: 4/4
   507 | D:4      | Found a snail-covered altar of Cheibriados.
   509 | D:4      | Found a shadowy altar of Dithmenos.
   515 | D:4      | Became a worshipper of Cheibriados the Contemplative
   545 | D:4      | Was placed under penance by Cheibriados
   545 | D:4      | Slain by a scorpion

Vault maps used:
D:1:      elethiomel_arrival_quiet, serial_park_tiny_2, serial_bayou_pond_d
D:2:      yredelemnul_altar_generic, uniq_terence
D:4:      chequers_temple_overflow_statue_of_worship, serial_shops,
          nicolae_shop_statue_plus

Skill      XL: |  1  2  3 |
---------------+----------+-----
Fighting       | 1 |  1.5
Dodging        | 2 |  2.2
Unarmed Combat | 4 |  4.2
Spellcasting   | |  1.2
Transmutations | |  1.3

Action                   |  1- 3 |  4- 6 || total
-------------------------+-------+-------++-------
Melee: Unarmed           |    51 |       ||    51
  Use: Scroll            |     5 |     2 ||     7
       Potion            |       |     1 ||     1
  Eat: Chunk             |     8 |       ||     8
Armor: Robe              |    15 |     1 ||    16
Dodge: Dodged            |    25 |       ||    25
